Cogmind - Beta 16 @@@ ROGUE MODE // 2026.02.10 @ 12:29:49 Player: OniAn Result: Destroyed self with Rocket Launcher Performance ------------- Evolutions (0) 0 Regions Visited (2) 400 Robots Destroyed (21) 105 Value Destroyed (309) 309 Prototype IDs (3) 60 Alien Tech Used (0) 0 Bonus (-193) -193 TOTAL SCORE: 681 Bonus ------- Friendly Fire -193 Cogmind --------- Core Integrity 0/250 Matter 233/300 Energy 95/100 System Corruption 0% Temperature Cool (31) Movement Core (100) Ox1 Location -10/Mines Parts ------- > --- POWER (1) -------- (None) > --- PROPULSION (2) --- (None) > --- UTILITY (2) ------ (None) > --- WEAPON (2) ------- Rocket Launcher > --- INVENTORY (5) ---- Light Nuclear Core Medium Matter Pod (100) Compact Matter Pod (150) Rocket Launcher Peak State ------------ > --- POWER ------------ Light Nuclear Core > --- PROPULSION ------- Flight Unit Flight Unit > --- UTILITY ---------- (None) > --- WEAPON ----------- Rocket Launcher Rocket Launcher > --- INVENTORY -------- Rocket Launcher Rocket Launcher [Rating: 9] Favorites ----------- Power Ion Engine Engine Ion Engine Power Core Light Nuclear Core Propulsion Wheel Wheel Wheel Flight Unit Flight Unit Utility Compact Matter Pod Storage Compact Matter Pod Weapon Rocket Launcher Energy Gun Medium Laser Ballistic Gun Assault Rifle Launcher Rocket Launcher Build | -11 -10 -10 ------- Run | Yrd Mat Min Slots Evolved . | . . . Power . | . . . Propulsion . | . . . Utility . | . . . Weapon . | . . . Parts Attached 14 | 5 7 2 Power 2 | 1 1 . Engine 1 | 1 . . Core 1 | . 1 . Reactor . | . . . Propulsion 6 | 2 4 . Treads . | . . . Leg . | . . . Wheel 2 | 2 . . Hover . | . . . Flight 4 | . 4 . Utility 1 | . . 1 Device . | . . . Storage 1 | . . 1 Processor . | . . . Hackware . | . . . Protection . | . . . Artifact . | . . . Weapon 5 | 2 2 1 Energy Gun 1 | 1 . . Energy Cannon . | . . . Ballistic Gun 1 | 1 . . Ballistic Cannon . | . . . Launcher 3 | . 2 1 Special Weapon . | . . . Impact Weapon . | . . . Slashing Weapon . | . . . Piercing Weapon . | . . . Special Melee Weapon . | . . . Unidentified Prototypes . | . . . Parts Lost 9 | . 5 4 Power 1 | . 1 . Propulsion 4 | . 2 2 Utility . | . . . Weapon 4 | . 2 2 Highest Loss Streak 4 | . 3 4 To Critical Strikes . | . . . Average Backups 2 | . 2 4 Power . | . . 1 Propulsion . | . . . Utility . | . . 1 Weapon 1 | . 1 2 Tool/Special . | . . . Unused Backups 4 | . 2 2 Power . | . . . Propulsion 1 | . 1 . Utility 1 | . . 1 Weapon 2 | . 1 1 Tool/Special . | . . . Average Slot Usage (%) 62 | . 63 50 Engine 6 | . 7 . Wheel 13 | . 15 . Flight 12 | . 11 24 Energy Gun 8 | . 9 . Ballistic Gun 8 | . 9 . Launcher 10 | . 8 26 Peak Build Rating 9 | 5 9 9 Average Rating 5 | 3 5 6 On Entrance 3 | . 5 6 Avg Prop Armor Cover (%) . | . . . Naked Turns . | . . . Heaviest Build 9 | 9 9 8 Greatest Support 20 | 20 20 8 Greatest Overweight (x) 1 | 1 1 . Average Overweight (x) . | . . . Largest Inventory Capacity 5 | 5 5 5 Average Capacity 5 | 5 5 5 Most Carried 5 | . 5 5 Average Carried 2 | . 2 4 Final Capacity 5 | 5 5 5 Final Carried 4 | . 4 4 Class Distribution -------------------- 100% | Mutant Dominant Class ---------------- Mutant | -10/Materials Mutant | -10/Mines Resources | -11 -10 -10 ----------- Run | Yrd Mat Min Matter Collected 503 | 126 116 261 Remotely . | . . . Salvage Created 435 | . 345 90 Parts 37 | . 35 2 Haulers Intercepted . | . . . Recyclers Shooed 1 | . 1 . Parts Field Recycled . | . . . Retrieved Matter . | . . . Parts Self-Destructed . | . . . Prevented . | . . . Parts Restored . | . . . Kills | -11 -10 -10 ------- Run | Yrd Mat Min Combat Hostiles Destroyed 26 | . 13 13 Guns 4 | . 4 . AOE 22 | . 9 13 Classes Destroyed 9 | . 7 2 Builder 3 | . 3 . Tunneler 1 | . 1 . Recycler 1 | . 1 . Operator 1 | . 1 . Watcher 1 | . 1 . Swarmer 9 | . 9 . Grunt 4 | . 4 . Assembled 13 | . . 13 Guerrilla 1 | . . 1 Best Kill Streak 13 | . 8 13 Combat Bots Only 13 | . 6 13 Max Kills in Single Turn 6 | . 6 5 Gunslinging . | . . . Exploded 5 | . 3 5 Melee . | . . . Uniques/NPCs Destroyed . | . . . Combat | -11 -10 -10 -------- Run | Yrd Mat Min Hostile Shots Fired 81 | . 64 17 Missed 24 | . 20 4 Hits 57 | . 44 13 Melee 2 | . . 2 Projectile 55 | . 44 11 Critical Strikes 1 | . . 1 Damage Taken 828 | . 494 334 Core 255 | . 78 177 Absorbed by Shields . | . . . Core Remaining (%) 100 | 100 . . Volleys Fired 37 | . 32 5 Largest 2 | . 2 2 Hottest 70 | . 70 66 Shots Fired 70 | . 63 7 Gun 53 | . 53 . Cannon . | . . . Launcher 17 | . 10 7 Special . | . . . Kinetic 26 | . 26 . Thermal 27 | . 27 . Explosive 17 | . 10 7 Electromagnetic . | . . . Robot Hit Streak 3 | . 3 1 Robot Miss Streak 4 | . 4 3 Penetration Max . | . . . Secondary Targets 2 | . 2 . Max Gunslinging Chain 1 | . 1 . Shots Hit Robots 31 | . 30 1 Core Hits 53 | . 25 28 Critical Kills . | . . . Critical Parts Destroyed 1 | . 1 . Critical Strikes 4 | . 4 . Burn 3 | . 3 . Destroy 1 | . 1 . Melee Attacks . | . . . Impact . | . . . Slashing . | . . . Piercing . | . . . Sneak Attacks . | . . . Combat Hostiles . | . . . Follow-up Attacks . | . . . Damage Inflicted 1963 | . 1158 805 Guns 450 | . 450 . Cannons . | . . . Explosions 1513 | . 708 805 Melee . | . . . Ramming . | . . . Kinetic 198 | . 198 . Thermal 252 | . 252 . Explosive 1513 | . 708 805 Electromagnetic . | . . . Impact . | . . . Slashing . | . . . Piercing . | . . . Highest Corruption . | . . . Average Corruption . | . . . Corruption Purged . | . . . Corruption Blocked . | . . . Overload Shots . | . . . Overflow Damage 47 | . 40 7 Projectiles . | . . . Explosions 47 | . 40 7 Melee . | . . . Knockbacks . | . . . Impact . | . . . Kinetic . | . . . Secondary . | . . . Self-Inflicted Damage 219 | . 66 153 Shots 6 | . 2 4 Rammed . | . . . Targets Rammed . | . . . Kicked . | . . . Crushed . | . . . Highest Temperature 87 | . 87 12 Average Temperature 33 | . 34 7 Received Heat Transfer 129 | . 69 60 Siege Activations . | . . . Martial Activations . | . . . Shielding Activations . | . . . Robots Disrupted . | . . . Combat Hostiles . | . . . Robots Corrupted . | . . . Combat Hostiles . | . . . Parts Fried . | . . . Impact Corruptions . | . . . Robots Melted . | . . . Combat Hostiles . | . . . Parts Melted 1 | . 1 . Heat Transferred 962 | . 962 . Parts Sabotaged . | . . . Parts Stolen . | . . . Parts Stripped . | . . . Power Chain Reactions . | . . . Alert | -11 -10 -10 ------- Run | Yrd Mat Min Maximum Alert Level 1 | . 1 . Low Security (%) 80 | 100 76 100 Level 1 19 | . 23 . Level 2 . | . . . Level 3 . | . . . Level 4 . | . . . Level 5 . | . . . High Security . | . . . Max Security . | . . . Peak Influence 323 | . 323 109 Initial 109 | . . 109 Average 80 | . 85 97 Influence Increases 468 | . 444 24 Destroy 0b10 Robot/C 260 | . 260 . Destroy 0b10 Robot/NC 35 | . 35 . Destroy Leader 52 | . 52 . Disable Machine 15 | . 15 . Destroy Structure 106 | . 82 24 Influence Decreases 405 | . 161 244 Entered New Map 174 | . . 174 Time Decay 151 | . 121 30 Lost Part 80 | . 40 40 Squads Dispatched 2 | . 2 . Investigation . | . . . Extermination . | . . . Reinforcement 2 | . 2 . Assault . | . . . Garrison . | . . . Intercept . | . . . Searches Triggered . | . . . Construction Impeded . | . . . Haulers Reinforced . | . . . Active Scanning Responses . | . . . Cargo Convoy Interrupts . | . . . Stealth | -11 -10 -10 --------- Run | Yrd Mat Min Distress Signals . | . . . Communications Jammed . | . . . Distress Signals . | . . . Times Spotted 37 | . 17 20 Peak Tracking Total 20 | . 5 20 Tactical Retreats . | . . . Traps | -11 -10 -10 ------- Run | Yrd Mat Min Traps Triggered 2 | . 2 . Indirectly . | . . . Trap Hack Attempts . | . . . Triggered . | . . . Disarmed . | . . . Reprogrammed . | . . . Reused . | . . . Traps Extracted . | . . . Installed . | . . . Triggered . | . . . Machines | -11 -10 -10 ---------- Run | Yrd Mat Min Machines Disabled 1 | . 1 . Max in Single Turn 1 | . 1 . Machines Repaired . | . . . Machines Dismantled . | . . . Machines Sabotaged . | . . . Overloaded Fab Kills . | . . . Hacking | -11 -10 -10 --------- Run | Yrd Mat Min Machines Accessed 4 | . 4 . Terminals 3 | . 3 . Fabricators . | . . . Repair Stations . | . . . Recycling Units 1 | . 1 . Scanalyzers . | . . . Garrison Access . | . . . Total Hacks 7 | . 7 . Successful 3 | . 3 . Failed 4 | . 4 . Catastrophic 2 | . 2 . Database Lockouts . | . . . Manual . | . . . Terminals 5 | . 5 . Fabricators . | . . . Repair Stations . | . . . Recycling Units 2 | . 2 . Scanalyzers . | . . . Garrison Access . | . . . Terminal Hacks 2 | . 2 . Prototype ID Bank 1 | . 1 . Emergency Access Points 1 | . 1 . Fabricator Hacks . | . . . Repair Station Hacks . | . . . Recycling Unit Hacks 1 | . 1 . Retrieve Matter 1 | . 1 . Scanalyzer . | . . . Garrison Access Hacks . | . . . Unauthorized Hacks . | . . . Terminals . | . . . Fabricators . | . . . Repair Stations . | . . . Recycling Units . | . . . Scanalyzers . | . . . Garrison Access . | . . . Data Cores Recovered 1 | . 1 . Used . | . . . Hacking Detections 4 | . 4 . Full Trace Events 1 | . 1 . Feedback Events . | . . . Feedback Blocked . | . . . Robot Schematics Acquired . | . . . Robots Built . | . . . Authchips . | . . . Time . | . . . Total Robot Build Rating . | . . . Part Schematics Acquired . | . . . Parts Built . | . . . Authchips . | . . . Time . | . . . Total Part Build Rating . | . . . Part Studies Acquired . | . . . Parts Repaired . | . . . Time . | . . . Parts Recycled . | . . . Recycled Matter . | . . . Retrieved Matter . | . . . Retrieved Components . | . . . Parts Scanalyzed . | . . . Part Schematics Acquired . | . . . Parts Damaged . | . . . Bothacking | -11 -10 -10 ------------ Run | Yrd Mat Min Used RIF Installer . | . . . Robots Hacked . | . . . Non-combat . | . . . Combat . | . . . Robot Hacks Applied . | . . . Relay Couplers Released . | . . . Fabnet Peak Effective % . | . . . Robots Rewired . | . . . Allies Hacked . | . . . Hacks Repelled . | . . . Allies | -11 -10 -10 -------- Run | Yrd Mat Min Total Allies . | . . . Largest Group . | . . . Highest-Rated Group . | . . . Highest-Rated Ally . | . . . Total Orders . | . . . Ally Attacks . | . . . Total Damage . | . . . Kills . | . . . Allies Corrupted . | . . . Allies Melted . | . . . Intel | -11 -10 -10 ------- Run | Yrd Mat Min Active Infowar (turns) . | . . . Robot Analysis Total . | . . . Derelict Logs Recovered 1 | . . 1 Drone Launches . | . . . Drone Recoveries . | . . . Exploration | -11 -10 -10 ------------- Run | Yrd Mat Min Turns Passed 651 | 44 546 61 Spaces Moved 918 | 49 744 125 Core 14 | 14 . . Treads . | . . . Legs . | . . . Wheels 348 | 35 313 . Hover . | . . . Flight 556 | . 431 125 Fastest Speed 37 | 50 37 37 Average Speed 54 | 75 56 37 Slowest Speed 120 | 100 120 37 Overloaded Moves . | . . . Propulsion Burnouts . | . . . Robots Hopped 1 | . 1 . Potential Cave-ins 1 | . 1 . Cave-ins Triggered . | . . . Exploration Rate (%) 34 | 3 88 11 Regions Visited 2 Branch Regions 1 Pre-discovered Areas 1 | . . 1 Known Exits Taken . | . . . Unknown Exits Taken 2 | 1 1 . Scrap Searched . | . . . Spaces Dug . | . . . Terrain Destroyed 129 | . 79 50 Melee . | . . . Projectile . | . . . AOE 129 | . 79 50 Terrain Rammed . | . . . Walls Destroyed . | . . . Machines Disabled . | . . . Actions | -11 -10 -10 --------- Run | Yrd Mat Min Total 993 | 53 805 135 Wait 12 | . 12 . Move 914 | 48 741 125 Hop 1 | . 1 . Pick Up 7 | . 6 1 Fast Attach 9 | 5 3 1 Attach 4 | . 3 1 Detach 3 | . 2 1 Swap 2 | . 2 . Drop 4 | . 3 1 Fire 37 | . 32 5 Melee . | . . . Ram . | . . . Kick . | . . . Crush . | . . . Escape Stasis . | . . . Rewire . | . . . Trap . | . . . Miscellaneous . | . . . Route ------- -11/Scrapyard -10/Materials (discovered 4 exits: [*Mat x3] / [*Min]) -10/Mines History --------- Turn | Location | Event 27 | -11/Scrapyard | Discovered new exit (range 16) 45 | -11/Scrapyard | Entered Materials 289 | -10/Materials | Discovered new exit (range 14) 312 | -10/Materials | Build established: Mutant 453 | -10/Materials | Discovered new exit (range 5) 454 | -10/Materials | Lost 3 parts (1n2w) 484 | -10/Materials | Discovered new exit (range 16) 586 | -10/Materials | Discovered new exit (range 8) 591 | -10/Materials | Entered Mines 627 | -10/Mines | Assembled infested the area 632 | -10/Mines | Assisted by a Guerilla fighting off Assembled 641 | -10/Mines | Learned location of Zion (-6) 648 | -10/Mines | Core integrity fell below 50% 652 | -10/Mines | Core integrity fell below 20% 652 | -10/Mines | Destroyed self with Rocket Launcher Last Messages --------------- 00641_ Flight Unit destroyed. 00641_ Destroyed Flight Unit. 00641_ as-02697 destroyed. [Achievement: Quick And Dirty] 00644_ as-31495 destroyed. 00644_ as-00078 destroyed. 00644_ as-97958 destroyed. 00644_ as-33533 destroyed. 00644_ as-88427 destroyed. 00646_ Rocket Launcher destroyed. 00647_ The unstable cave ceiling collapses. 00647_ Rocket Launcher destroyed. 00647_ Destroyed Rocket Launcher. 00647_ as-86883 destroyed. 00649_ Flight Unit destroyed. 00650_ as-82442 suffers critical hit (Destroy). 00650_ as-82442 knocked back. 00650_ 8G-W0M(h) destroyed. 00650_ as-28421 destroyed. 00652_ as-15443 destroyed. Map ----- +----------------------------------------------------+ | | | | | | | | | | | | | | | | | | | | | | | | | | | ????????????????????????????? | | ????????????????????????????? | | ????????????##??????????????? | | ????????????# #####???? | | ?????????????? """ #???? | | ?????????????? """ ### #???? | | ??????????????????????# #???? | | ??????????????????????# #???? | | ????####??????????????# ###?? | | ???## ################ ### | | ???# # | | ??## ############### | | ### #?????????????# @ | | ##????????????# =% # | | ##??????????? # | | ##????????? t a a | | ##???????? ###### a | | ##???????# ???????# a | | ##????????#?????????# | | ###???????????????????# | | #?????????????????????## a | | #?????????????????????? a | | #?????????????????????? # | | ??????????????????????? < # | | ??????????????????????? ?## | | ??????????????????????? ??? | | ??????????????????????? a ??? | | ???????????????????????# ??? | | ????????????????????????????? | | ????????????????????????????? | | ????????????????????????????? | | ????????????????????????????? | | ????????????????????????????? | | ????????????????????????????? | | ????????????????????????????? | | ????????????????????????????? | | ????????????????????????????? | +----------------------------------------------------+ Best States ------------- Heat Dissipation 25 Energy Generation 10 Energy Capacity 250 Matter Stores 300 Matter Capacity 300 Sight Range 16 Terrain Scan Density 10 Evasion (%) 62 Item Schematics ----------------- None Robot Schematics ------------------ None Fabricated ------------ Nothing Repaired ---------- Nothing Studied --------- None Alien Tech Used ----------------- None Achievements -------------- Quick And Dirty Challenges ------------ None Game ------ Seed WarpRegenerativeReactor Manual? 0 Play Time 00:07:06 Cumulative 46.6 hours Start 2026.02.10 @ 12:23:53 End 2026.02.10 @ 12:29:49 Sessions 1 Manual Loads 0 Difficulty Rogue Special Mode None Game No. 59 Rogue 35 Adventurer 24 Explorer 0 Win Type - Total 0 Types 0/0/0/0/0/0/0/0/0/0 Lore% 32 Gallery% 30 Achievement% 22 Wizard Run 0 Options --------- Layout 0 ASCII 0 Keyboard 1 Movement Arrows Keybinds 0 Fullscreen 1 Font 18/SmallcapsGlow Map View 76x50 Zoom Use 0% Tactical HUD 1 Map Filters NONE Filters NONE Steam 1 RUN: 07a864db-dd2f-40c6-afd2-96d1411367b2